 Dungeon Crawl Stone Soup version 0.31.0-1-g2c135a008e (webtiles) character file.

Game seed: 12299411969176514288

4986 qw the Skirmisher (level 10, -3/75 HPs)
             Began as a Djinni Hunter on Jan 24, 2024.
             Was a Believer of Okawaru.
             Slain by a polar bear (8 damage)
             ... on level 1 of the Lair of Beasts.
             The game lasted 00:00:37 (6879 turns).

qw the Skirmisher (Djinni Hunter)                   Turns: 6879, Time: 00:00:37

Health: -3/75      AC: 15    Str: 10    XL:     10   Next: 83%
Gold:   377        EV: 16    Int: 11    God:    Okawaru [**....] SH:  0 Dex: 19

rFire   + + +        e - +0 orcbow
rCold   . . .        (shield currently unavailable)
rNeg    . . .        h - +0 ring mail
rPois   inf          t - +2 hat
rElec   .            s - scarf {rC+ rF+}
rCorr   .            p - +1 pair of gloves
SInv    +            (boots unavailable)
Will    ++...        (no amulet)
Stlth   +++          d - +4 ring of protection
HPRegen 1.12/turn    f - ring of see invisible
MPRegen 0.00/turn

%: infuse magic (-4 HP)
@: heroic, flying, unable to read
A: sickness immunity, fire resistance 2, cold vulnerability 1, float, innate
caster, HP casting, extra vitality 1, clumsy 1, strong-willed 1, regeneration 1,
inability to read after injury 1
a: Renounce Religion, Heroism


You were on level 1 of the Lair of Beasts.
You worshipped Okawaru.
Okawaru was pleased with you.
You visited 2 branches of the dungeon, and saw 9 of its levels.

You collected 489 gold pieces.
You spent 112 gold pieces at shops.


Innate Abilities, Weirdness & Mutations

You are immune to sickness and miasma.
You are immune to poison.
Your flesh is very heat resistant. (rF++)
You are vulnerable to cold. (rC-)
You float through the air rather than walking.
You learn spells naturally, not from books.
Your magical power is your life essence.
You have superior vitality. (+4 MHP)
You are clumsy. (Dex -2)
You are strong-willed. (Will+)
Your natural rate of healing is unusually fast.
You occasionally lose the ability to read scrolls when taking damage.


   Skills:
 + Level 7.2(12.2) Fighting
 - Level 10.0(15.0) Ranged Weapons
 - Level 3.0(8.0) Armour
 - Level 6.2(11.2) Dodging
 - Level 0.7(5.7) Stealth
 - Level 4.1 Invocations


You knew the following spells:

 Your Spells              Type           Power      Damage    Failure   Level
a - Magic Dart            Conj           0%         1d3       61%         1
b - Blink                 Tloc           0%         N/A       75%         2
c - Call Canine Familiar  Summ           0%         N/A       93%         3
d - Passage of Golubria   Tloc           0%         N/A       100%        4
Your spell library was empty.

Inventory:

Hand Weapons
 e - a +0 orcbow (weapon)
Armour
 h - a +0 ring mail (worn)
 p - a +1 pair of gloves (worn)
 s - a scarf of resistance (worn)
 t - a +2 hat (worn)
Jewellery
 d - a +4 ring of protection (left hand)
 f - a ring of see invisible (right hand)
 m - a ring of protection from cold
Wands
 a - a wand of polymorph (7)
 b - a wand of quicksilver (5)
 l - a wand of paralysis (3)
 o - a wand of iceblast (2)
Scrolls
 k - 3 scrolls of teleportation
Potions
 i - a potion of enlightenment
 j - 3 potions of curing
 q - a potion of haste {unknown}
 r - a potion of heal wounds {unknown}

Dungeon Overview and Level Annotations

Branches:
Dungeon (8/15)             Temple (0/1) D:7            Lair (1/5) D:8

Altars:
Dithmenos
Okawaru
Trog
Uskayaw
Yredelemnul

Shops:
D:3 (   D:6 (

Annotations:
D:4 3 runed translucent doors, qw's ghost, novice DjHu


Message History

The polar bear barely misses you.
The polar bear claws you but does no damage.
The polar bear claws you. The polar bear bites you!
The polar bear closely misses you.
The polar bear claws you but does no damage.
The polar bear bites you but does no damage.
The polar bear misses you. x2
You shoot an arrow.
The arrow hits the polar bear but does no damage.
The polar bear is almost dead.
The polar bear bites you!
The polar bear claws you but does no damage.
The polar bear barely misses you. The polar bear closely misses you.
The polar bear barely misses you.
The polar bear claws you but does no damage.
The polar bear misses you.
The polar bear claws you but does no damage. x2
You shoot an arrow. The arrow hits the polar bear!
The polar bear is almost dead.
The polar bear completely misses you.
The polar bear claws you but does no damage.
The polar bear completely misses you. The polar bear barely misses you.
The polar bear closely misses you.
The polar bear claws you but does no damage.
You shoot an arrow.
The arrow hits the polar bear but does no damage.
The polar bear is almost dead.
The polar bear bites you but does no damage.
The polar bear closely misses you. The polar bear misses you.
The polar bear barely misses you.
The polar bear claws you but does no damage. x2
The polar bear bites you! The polar bear misses you.
The polar bear barely misses you.
You shoot an arrow.
The arrow closely misses the polar bear.
The polar bear closely misses you. x2; The polar bear claws you.
The polar bear misses you. x2
The polar bear claws you but does no damage.
The polar bear bites you!
You die...

#... #..# ##..# P..# #
#..# ####. ### ##..####
.#
......#@####..%##.###...
.....hhhh...............
........................
..#.......######.#######
#........# #P<#
#........## ##.#
..##P.....P ..# ..
#........ ....
#P.P....###.##.


You could see 4 polar bears.

Vanquished Creatures
  A komodo dragon (D:8)
  A shadow (D:6)
  4 yaks (D:8)
  Eustachio (D:6)
  A steam dragon (D:7)
  Menkaure (D:6)
  4 water moccasins
  4 ice beasts
  2 orc warriors (D:8)
  2 sky beasts (D:8)
  2 black bears (D:6)
  An ogre (D:6)
  3 phantoms
  4 bullfrogs
  A scorpion (D:7)
  5 wights (D:7)
  4 killer bees (D:8)
  5 jellies
  3 hounds
  2 bombardier beetles
  A gnoll bouda (D:7)
  3 orc priests
  6 iguanas
  Jessica (D:3)
  12 orc wizards
  2 sleepcaps
  8 gnolls
  6 adders
  A shadow imp (D:8)
  3 white imps
  An ufetubus (D:6)
  2 adder zombies (D:4)
  3 dart slugs
  2 ribbon worms (D:2)
  37 orcs
  6 endoplasms
  3 giant cockroaches
  4 goblins
  10 hobgoblins
  9 jackals
  2 quokkas
  6 ball pythons
  4 bats
  5 frilled lizards
  6 kobolds
  11 rats
205 creatures vanquished.

Notes
Turn   | Place    | Note
-------+----------+-------------------------------------------
     0 | D:1      | qw the Djinni Hunter began the quest for the Orb.
     0 | D:1      | Reached XP level 1. HP: 18/18 MP: 0/0
     0 | D:1      | 0 ||| qw: Version: 0.3-a-136-gdd3b4e8
     0 | D:1      | 0 ||| qw: Game counter: 1435
     0 | D:1      | 0 ||| qw: Melee chars always use a shield: true
     0 | D:1      | 0 ||| qw: God list: Okawaru
     0 | D:1      | 0 ||| qw: Allow faded altars: false
     0 | D:1      | 0 ||| qw: Do Orc after clearing Dungeon:15 true
     0 | D:1      | 0 ||| qw: Do second Lair branch before Depths: true
     0 | D:1      | 0 ||| qw: Lair rune preference: random
     0 | D:1      | 0 ||| qw: Goals: Normal
     0 | D:1      | 0 ||| PLANNING D:1-11
    23 | D:1      | You are sucked into a shaft and drop 1 floor!
    53 | D:2      | 53 ||| READING 2 scrolls labelled LIELYPLU YDAE.
    54 | D:2      | 54 ||| DROPPING scroll of butterflies.
    55 | D:2      | Found a faded altar of an unknown god.
    56 | D:2      | 56 ||| DROPPING scroll of fear.
   149 | D:1      | Reached XP level 2. HP: 23/23 MP: 0/0
   302 | D:1      | Reached XP level 3. HP: 28/28 MP: 0/0
   302 | D:1      | Learned a level 1 spell: Magic Dart
   328 | D:1      | Reached skill level 4 in Ranged Weapons
   524 | D:1      | 524 ||| UPGRADING to +4 ring of protection.
   525 | D:1      | 525 ||| READING 2 scrolls labelled LAOLAS HOVA.
   526 | D:1      | 526 ||| READING scroll labelled HAEFYQ RA OVAO.
   531 | D:1      | 531 ||| READING scroll labelled DUUS BUSMAOFA.
   532 | D:1      | 532 ||| DRINKING 3 fuming grey potions.
   577 | D:1      | 577 ||| DROPPING scroll of blinking.
   578 | D:1      | 578 ||| DROPPING 2 potions of lignification.
   778 | D:2      | Reached XP level 4. HP: 32/34 MP: 0/0
   902 | D:2      | Reached skill level 3 in Fighting
  1295 | D:2      | 1295 ||| READING scroll labelled FAL HUNYOROXKI.
  1296 | D:2      | 1296 ||| DRINKING 2 smoky purple potions.
  1296 | D:2      | Gained mutation: Your mind is acute. (Int +4, Str/Dex -1)
                  | [potion of mutation]
  1297 | D:2      | 1297 ||| DRINKING potion of mutation.
  1297 | D:2      | Lost mutation: Your mind is acute. (Int +4, Str/Dex -1)
                  | [potion of mutation]
  1297 | D:2      | Gained mutation: Armour fits poorly on your strangely
                  | shaped body. [potion of mutation]
  1297 | D:2      | Gained mutation: You have a pair of small horns on your
                  | head. [potion of mutation]
  1297 | D:2      | Gained mutation: Your flesh is almost immune to the effects
                  | of heat. (rF+++) [potion of mutation]
  1329 | D:3      | Found Boarraiq's Antique Weapon Shop.
  1334 | D:3      | 1334 ||| BUYING runed sling (112 gold).
  1334 | D:3      | Bought a runed sling for 112 gold pieces
  1334 | D:3      | 1334 ||| SWAPPING to +4 sling of freezing.
  1335 | D:3      | 1335 ||| DROPPING +0 shortbow.
  1346 | D:3      | 1346 ||| FLEEEEING.
  1348 | D:3      | 1348 ||| FLEEEEING.
  1349 | D:3      | 1349 ||| FLEEEEING.
  1430 | D:3      | Noticed Jessica
  1431 | D:3      | Killed Jessica
  1432 | D:3      | Reached skill level 3 in Dodging
  1718 | D:3      | Reached XP level 5. HP: 40/40 MP: 0/0
  1718 | D:3      | Learned a level 2 spell: Blink
  1753 | D:3      | Found a shadowy altar of Dithmenos.
  2072 | D:3      | 2072 ||| READING scroll labelled DIUKAS HABEPH.
  2072 | D:3      | 2072 ||| IDENTIFYING sedimented orange potion
  2073 | D:3      | 2073 ||| READING 2 scrolls labelled FIUZAERUODGH.
  2074 | D:3      | 2074 ||| DROPPING potion of degeneration.
  2075 | D:3      | 2075 ||| DROPPING scroll of noise.
  2089 | D:4      | 2089 ||| STAIRDANCE
  2131 | D:4      | Noticed a bullfrog
  2143 | D:4      | Killed a bullfrog
  2144 | D:4      | Reached skill level 5 in Ranged Weapons
  2144 | D:4      | Reached XP level 6. HP: 37/46 MP: 0/0
  2450 | D:4      | Found a runed translucent gate.
  2450 | D:4      | Found a runed translucent gate.
  2450 | D:4      | Found a runed translucent gate.
  2450 | D:4      | Noticed qw's ghost (novice DjHu)
  2452 | D:4      | 2452 ||| UPGRADING to ring of see invisible.
  2453 | D:4      | 2453 ||| READING scroll labelled BUN NAUFFILA.
  2549 | D:4      | Found a basalt altar of Yredelemnul.
  2865 | D:4      | 2865 ||| UPGRADING to +0 ring mail.
  2875 | D:4      | 2875 ||| DROPPING +0 leather armour.
  2899 | D:5      | Entered Level 5 of the Dungeon
  2939 | D:5      | Reached skill level 1 in Armour
  3002 | D:5      | Noticed a water moccasin
  3004 | D:5      | 3004 ||| ZAPPING wand of paralysis (6) at -4,2 (water
                  | moccasin; floor).
  3007 | D:5      | Killed a water moccasin
  3008 | D:5      | Reached XP level 7. HP: 52/52 MP: 0/0
  3008 | D:5      | Learned a level 3 spell: Call Canine Familiar
  3072 | D:5      | Reached skill level 6 in Ranged Weapons
  3080 | D:5      | 3080 ||| FLEEEEING.
  3081 | D:5      | 3081 ||| FLEEEEING.
  3082 | D:5      | 3082 ||| FLEEEEING.
  3083 | D:5      | 3083 ||| FLEEEEING.
  3084 | D:5      | 3084 ||| FLEEEEING.
  3085 | D:5      | 3085 ||| FLEEEEING.
  3086 | D:5      | 3086 ||| FLEEEEING.
  3087 | D:5      | 3087 ||| FLEEEEING.
  3088 | D:5      | 3088 ||| FLEEEEING.
  3089 | D:5      | 3089 ||| FLEEEEING.
  3397 | D:5      | Reached XP level 8. HP: 58/58 MP: 0/0
  3605 | D:5      | Found a bloodstained altar of Trog.
  3638 | D:5      | Found a hide-covered altar of Uskayaw.
  3747 | D:5      | 3747 ||| UPGRADING to +0 pair of gloves.
  3752 | D:5      | 3752 ||| READING scroll labelled VYORPH XOFIK.
  3753 | D:5      | 3753 ||| READING scroll labelled VUKUSHI XUWUH.
  4008 | D:6      | Reached skill level 7 in Ranged Weapons
  4092 | D:6      | Noticed Eustachio
  4095 | D:6      | 4095 ||| ZAPPING wand of paralysis (5) at 7,-3 (Eustachio;
                  | floor).
  4096 | D:6      | 4096 ||| ZAPPING wand of paralysis (4) at 6,-2 (Eustachio;
                  | floor).
  4102 | D:6      | 4102 ||| ZAPPING wand of iceblast (7) at 4,-1 (floor).
  4103 | D:6      | 4103 ||| ZAPPING wand of iceblast (6) at 4,-1 (Eustachio;
                  | floor).
  4106 | D:6      | 4106 ||| ZAPPING wand of iceblast (5) at 2,-3 (Eustachio;
                  | floor).
  4106 | D:6      | Killed Eustachio
  4164 | D:6      | Reached XP level 9. HP: 65/65 MP: 0/0
  4164 | D:6      | Learned a level 4 spell: Passage of Golubria
  4178 | D:6      | Found Fonnett's Weapon Shoppe.
  4220 | D:6      | 4220 ||| ZAPPING wand of iceblast (4) at -3,1 (black bear;
                  | floor).
  4500 | D:6      | Reached skill level 8 in Ranged Weapons
  4549 | D:6      | 4549 ||| DRINKING 2 potions of mutation.
  4549 | D:6      | Lost mutation: You have a pair of small horns on your head.
                  | [potion of mutation]
  4549 | D:6      | Lost mutation: Armour fits poorly on your strangely shaped
                  | body. [potion of mutation]
  4549 | D:6      | Gained mutation: You are dopey. (Int -2) [potion of
                  | mutation]
  4549 | D:6      | Gained mutation: Your natural rate of healing is unusually
                  | fast. [potion of mutation]
  4549 | D:6      | Gained mutation: You occasionally lose the ability to read
                  | scrolls when taking damage. [potion of mutation]
  4549 | D:6      | Gained mutation: You are strong-willed. (Will+) [potion of
                  | mutation]
  4550 | D:6      | 4550 ||| DRINKING potion of mutation.
  4550 | D:6      | Lost mutation: You are dopey. (Int -2) [potion of mutation]
  4550 | D:6      | Lost mutation: Your natural rate of healing is unusually
                  | fast. [potion of mutation]
  4550 | D:6      | Lost mutation: Your flesh is almost immune to the effects
                  | of heat. (rF+++) [potion of mutation]
  4550 | D:6      | Gained mutation: You are clumsy. (Dex -2) [potion of
                  | mutation]
  4550 | D:6      | Gained mutation: Your natural rate of healing is unusually
                  | fast. [potion of mutation]
  4587 | D:6      | Reached skill level 6 in Fighting
  4769 | D:6      | Found an iron altar of Okawaru.
  4769 | D:6      | Noticed Menkaure
  4770 | D:6      | 4770 ||| PLANNING OKAWARU WORSHIP
  4770 | D:6      | 4770 ||| ZAPPING wand of iceblast (3) at -1,2 (Menkaure;
                  | floor).
  4773 | D:6      | HP: 11/66 [??? (8)]
  4774 | D:6      | 4774 ||| READING 3 scrolls of teleportation.
  4775 | D:6      | Killed Menkaure
  4828 | D:6      | 4828 ||| READING 2 scrolls of identify.
  4828 | D:6      | 4828 ||| IDENTIFYING viscous clear potion
  4829 | D:6      | 4829 ||| READING scroll of identify.
  4829 | D:6      | 4829 ||| IDENTIFYING orange potion
  4830 | D:6      | 4830 ||| READING scroll labelled JERGHUTR LATE.
  4830 | D:6      | 4830 ||| ENCHANTING +0 pair of gloves.
  4831 | D:6      | 4831 ||| DROPPING wand of flame (22).
  4832 | D:6      | 4832 ||| DROPPING potion of attraction.
  4894 | D:6      | Became a worshipper of Warmaster Okawaru
  4895 | D:6      | 4895 ||| PLANNING D:1-11
  4997 | D:7      | Reached skill level 9 in Ranged Weapons
  5148 | D:7      | 5148 ||| SWAPPING to +0 orcbow.
  5149 | D:7      | 5149 ||| DROPPING +4 sling of freezing.
  5168 | D:7      | Reached * piety under Okawaru
  5193 | D:7      | Found a staircase to the Ecumenical Temple.
  5316 | D:7      | Reached skill level 1 in Invocations
  5321 | D:7      | Reached XP level 10. HP: 73/73 MP: 0/0
  5780 | D:7      | 5780 ||| RETREEEEATING.
  5802 | D:7      | 5802 ||| FLEEEEING.
  5928 | D:7      | 5928 ||| READING scroll labelled OFAELA VOCIAKH.
  5929 | D:7      | 5929 ||| READING scroll labelled INWADULUFENG.
  6030 | D:7      | 6030 ||| DRINKING 3 fizzy emerald potions.
  6120 | D:8      | Reached skill level 3 in Invocations
  6167 | D:8      | 6167 ||| RETREEEEATING.
  6168 | D:8      | 6168 ||| RETREEEEATING.
  6169 | D:8      | 6169 ||| INVOKING Heroism.
  6184 | D:8      | Reached ** piety under Okawaru
  6185 | D:8      | Reached skill level 6 in Dodging
  6191 | D:8      | Reached skill level 3 in Armour
  6649 | D:8      | Noticed a komodo dragon
  6650 | D:8      | 6650 ||| INVOKING Heroism.
  6659 | D:8      | Killed a komodo dragon
  6660 | D:8      | Reached skill level 10 in Ranged Weapons
  6666 | D:8      | Found a staircase to the Lair.
  6708 | D:8      | 6708 ||| PLANNING LAIR
  6708 | D:8      | 6708 ||| UPGRADING to scarf of resistance.
  6713 | D:8      | 6713 ||| UPGRADING to +2 hat.
  6718 | D:8      | 6718 ||| READING 2 scrolls of identify.
  6718 | D:8      | 6718 ||| IDENTIFYING grey potion
  6719 | D:8      | 6719 ||| READING scroll of identify.
  6719 | D:8      | 6719 ||| IDENTIFYING viscous dark potion
  6720 | D:8      | 6720 ||| READING scroll labelled QEUDOS GOX LEE.
  6821 | D:8      | 6821 ||| DROPPING potion of brilliance.
  6822 | D:8      | 6822 ||| DROPPING potion of berserk rage.
  6827 | Lair:1   | Entered Level 1 of the Lair of Beasts
  6846 | Lair:1   | Reached *** piety under Okawaru
  6864 | Lair:1   | 6864 ||| RETREEEEATING.
  6866 | Lair:1   | 6866 ||| INVOKING Heroism.
  6876 | Lair:1   | HP: 14/75 [polar bear (15)]
  6879 | Lair:1   | HP: 5/75 [polar bear (4)]
  6879 | Lair:1   | Slain by a polar bear

Levels and vault maps discovered:
D:1:      ncdulo_halloftheorcs, layout_rooms
D:2:      layout_basic, ebering_ecumenical_altar_rust
D:3:      layout_loops_ring, nicolae_dithmenos_shadow_blocks, serial_shops,
          shop_statue, chequers_serial_rivers_room_b, kennysheep_generic_room_2,
          uniq_jessica
D:4:      layout_cave_pools, nicolae_yredelemnul_ghost_church
D:5:      layout_basic, nicolae_overflow_crystal_walls,
          nicolae_uskayaw_dance_hall
D:6:      layout_loops_ring, hellmonk_okawaru_the_only_friend_you_need,
          serial_shops, shop, minmay_divided_ellipse, uniq_eustachio,
          uniq_menkaure
D:7:      layout_loops_ring, minmay_temple_entry_grid, serial_rivers,
          chequers_serial_rivers_large_a, chequers_serial_rivers_room_a,
          chequers_serial_rivers_large_b, chequers_serial_rivers_room_a,
          chequers_serial_rivers_micro_c
D:8:      layout_rooms, david_lair_shrubbed
Lair:1:   layout_small_grid, cheibrodos_lair_lostbears

Skill      XL: |  1  2  3  4  5  6  7  8  9 10 |
---------------+-------------------------------+-----
Ranged Weapons | 4 5 6 7 9 10 | 10.0
Fighting       | 3 4 5 6 7 |  7.2
Dodging        | 3 4 5 6 |  6.2
Armour         | 1 2 3 |  3.0
Invocations    | 1 4 |  4.1
Stealth        | |  0.7

Action                     |  1- 3 |  4- 6 |  7- 9 | 10-12 || total
---------------------------+-------+-------+-------+-------++-------
   Fire: Shortbow          |    93 |    26 |       |       ||   119
         Sling             |       |   130 |   231 |       ||   361
         Orcbow            |       |       |    20 |   252 ||   272
 Invoke: Heroism           |       |       |       |     3 ||     3
  Evoke: Wand              |       |     1 |     7 |       ||     8
    Use: Scroll            |     4 |     4 |     6 |     5 ||    19
         Potion            |     1 |     2 |     2 |     1 ||     6
 Armour: Leather armour    |    22 |    54 |       |       ||    76
         Ring mail         |       |       |    71 |   134 ||   205
  Dodge: Dodged            |    29 |    57 |    51 |   162 ||   299

Table legend:
 A = Non-vault XP
 B = Vault XP
 C = Vault XP percentage of total XP
 D = Non-vault monster count
 E = Vault monster count
 F = Vault count percentage of total count
                 A         B        C        D         E       F
            +---------+---------+-------+---------+---------+-------
      Total |    5598 |    1526 |  21.4 |     184 |      21 |  10.2
            +---------+---------+-------+---------+---------+-------
        D:1 |      37 |       0 |   0.0 |      22 |       0 |   0.0
        D:2 |      46 |       0 |   0.0 |      18 |       0 |   0.0
        D:3 |      47 |      38 |  44.7 |      21 |       2 |   8.7
        D:4 |     278 |      12 |   4.1 |      20 |       2 |   9.1
        D:5 |     681 |       0 |   0.0 |      19 |       0 |   0.0
        D:6 |    1001 |    1099 |  52.3 |      27 |      15 |  35.7
        D:7 |    1210 |       0 |   0.0 |      24 |       0 |   0.0
        D:8 |    2151 |     377 |  14.9 |      32 |       2 |   5.9
     Lair:1 |     147 |       0 |   0.0 |       1 |       0 |   0.0
            +---------+---------+-------+---------+---------+-------
